Zazza, neutral female human Tourist ---- ---- --- --..-- ----|..| ----- ---.--- ....| |..--..| ----...----.....-- ---- ---- --- ----.... --......| ---........|.......| |..| |..-- -----|.) ----...--.-----------......- ----..................| --..----...---..|.|.---....i...^.................----..............--...--- |..................<....................................^....|..........| |..------......[...----...-....-----.-----.......--......---.----.....--- ---- ---....^..-- --...............................................| |-......----......-...------.....--.|...--...-------.-------- |...(...)--.........).| |......------..|--.-- |...| |-.[--.........[......| --&---..-- |..| --- ---.--- |...||..--.......)>...---.- |...| ---- |...| ---.----------......[.)r....| |...--- ---- ---.--- --...| ---.[...).....-| --.....| |..| |...|--- |.)--- --.......wwf.|--......---..--- ---.|..-- |..| ------.cwcf--|..............| |.....| |..| --.@.-- ----...........| |-...-| ---- ----- --........--- |.....| ---.--.--- --.|.-- ------ ----- Zazza the Excursionist Experience level: 8 Strength: 14 Dexterity: 12 Constitution: 18 Intelligence: 11 Wisdom: 9 Charisma: 18 Health: 49(78) Energy: 34(34) Def: 0 Gold: 0 Moves: 15048 Dungeon seed: 4sgr-GsUOiF7WXFE Game ID: Zazza_1575747160 Your Inventory: Weapons a - 19 +2 darts g - 15 +0 daggers (in quiver) x - a blessed +2 dagger Armor n - an uncursed +0 orcish helm Rings B - an uncursed ring of slow digestion (on right hand) Y - an uncursed ring of warning (on left hand) Z - an uncursed ring of conflict Wands t - a wand of slow monster (0:1) I - a wand of light (0:5) M - a wand of striking (0:2) Tools b - an uncursed towel c - an uncursed credit card k - an expensive camera (0:99) l - an uncursed credit card s - an uncursed magic whistle u - a +0 unicorn horn z - an uncursed bag of holding H - an uncursed blindfold Gems e - an uncursed jasper stone q - an uncursed worthless piece of yellowish brown glass Contents of the bag of holding: 2489 gold pieces a cursed +0 dagger a +0 silver saber 6 uncursed food rations 3 uncursed slime molds an uncursed scroll of amnesia an uncursed scroll of blank paper a cursed scroll of blank paper an uncursed scroll of food detection an uncursed potion of water a wand of fire (0:3) a wand of slow monster (0:5) a +0 pick-axe a blessed tallow candle (0:200) 5 uncursed tallow candles (0:200) a +0 unicorn horn 8 uncursed wax candles (0:400) 2 uncursed worthless pieces of black glass an uncursed worthless piece of blue glass an uncursed worthless piece of orange glass an uncursed worthless piece of violet glass an uncursed worthless piece of yellowish brown glass Spells and supernatural/magical abilities: Name Level Category Fail Memory B - cure blindness 2 healing 100% 28% W - pray for help -- divine ? -- Your skills at the end: Fighting Skills Weapon Skills dagger [Expert] dart [Basic] unicorn horn [Basic] Spellcasting Skills Final Attributes: You were piously aligned. You were sleep resistant. You were poison resistant. You were telepathic. You were warned. You had slower digestion. You are dead. Vanquished creatures: 4 small mimics an elf mummy a python an ettin zombie 3 giant beetles a lynx a panther a leprechaun an iron piercer 3 giant spiders 2 black lights 2 gnome kings 2 dwarf mummies 4 brown puddings a Green-elf 4 lizards a dog a housecat a jaguar a dwarf lord 3 blue jellies 2 white unicorns a dust vortex a plains centaur a gnome mummy 2 snakes 8 human zombies 2 rope golems 3 fire ants a bugbear a water nymph a mountain nymph 12 Mordor orcs 3 Uruk-hai 3 rock piercers a rock mole 2 ponies 6 fog clouds 4 yellow lights a violet fungus 7 gnome lords 6 gnomish wizards a kobold mummy a gray ooze 2 elf zombies 4 paper golems 8 giant ants a floating eye 14 dwarves 2 homunculi a kobold lord 2 kobold shamans 13 hill orcs 12 rothes a centipede a giant bat 5 orc zombies 4 dwarf zombies a wererat 2 werejackals 9 iguanas 2 acid blobs 7 coyotes 5 hobbits 17 manes 3 large kobolds 2 hobgoblins 6 giant rats 2 cave spiders 4 brown molds 3 yellow molds 3 green molds 2 red molds 40 gnomes 3 garter snakes 7 gnome zombies 7 geckos 4 jackals 5 foxes 4 goblins 17 sewer rats 16 grid bugs 3 bats 3 lichens a kobold zombie 4 newts 361 creatures vanquished. Voluntary challenges: You used a wielded weapon 363 times, starting on turn 125. You read items or engraved 98 times, starting on turn 484. You never genocided any monsters. You never polymorphed an object. You changed form 1 time, starting on turn 14413. You used no wishes. You split 3 puddings, starting on turn 12870. You wrote Elbereth's name 65 times, starting on turn 579. You violated your moral code, losing 11 points of alignment, starting on turn 6537. Dungeon overview: The Dungeons of Doom: levels 1 to 8 Level 1 a fountain a long staircase Level 2 a fountain Level 3 a fountain stairs to The Gnomish Mines Level 4 Level 5 a scroll shop, some fountains Level 6 a general store Level 7 a fountain Level 8 many fountains The Gnomish Mines: levels 4 to 8 Level 4 stairs to The Dungeons of Doom Level 5 Level 6 many shops, a temple to Offler, some fountains Level 7 Level 8 <- You were here History has recorded: On T:1 you entered the Dungeons of Doom to retrieve the Amulet of Yendor! On T:422 you reached level 2 of The Dungeons of Doom. On T:618 you advanced to experience level 2. On T:748 you reached level 3 of The Dungeons of Doom. On T:1048 you reached level 1 of The Gnomish Mines. On T:1119 you advanced to experience level 3. On T:1169 you reached level 4 of The Dungeons of Doom. On T:1501 you reached level 5 of The Dungeons of Doom. On T:1755 you advanced to experience level 4. On T:2264 you reached level 6 of The Dungeons of Doom. On T:2668 you advanced to experience level 5. On T:2887 you reached level 7 of The Dungeons of Doom. On T:3248 you reached level 8 of The Dungeons of Doom. On T:4085 you advanced to experience level 6. On T:6814 you reached level 2 of The Gnomish Mines. On T:7082 you advanced to experience level 7. On T:7433 you reached level 3 of The Gnomish Mines. On T:11907 you advanced to experience level 8. On T:13457 you reached level 4 of The Gnomish Mines. On T:14280 you reached level 5 of The Gnomish Mines. Score breakdown: Gold: 1600 (10900 points) Experience: 8 levels (14739 points) Exploration: 8 levels ( 15.69%) (11224 points) Discoveries: 40 items ( 13.42%) (10991 points) Valuables value: (no points given unless you survive) Artifact value: 0 ( 0 points) Variety of kills: 86 monsters ( 22.57%) (14253 points) Turncount: 15048 turns (-2982 points) Survival: died (score multiplied by 80%) Total score: 47300 Latest messages: Armand bites the quasit. (2x) The quasit hits Armand. (2x) The quasit's sting was poisoned! The quasit misses Armand. Armand drops a thonged club. The quasit turns to flee! You stop waiting. Armand picks up a thonged club. Please move the cursor to an unknown object. Never mind. Something is written here in the dust. You read: "Elbere??". You see no objects here. You wipe out the message that was written in the dust here. You write in the dust with your fingers. Something is written here in the dust. You read: "Elbereth". You see no objects here. The chickatrice turns to flee! (2x) You hit the chickatrice. You turn to stone... Final status: Aloha Zazza the Tourist, petrified by punching a chickatrice barehanded... You turned to stone in The Gnomish Mines on dungeon level 8 with 47300 points, and 2489 pieces of gold, after 15048 moves. You were level 8 with a maximum of 78 hit points when you turned to stone.